 Dungeon Crawl Stone Soup version 0.24-a0-167-g029c7ce0ac (webtiles) character file.

Game seed: 12889540649870172823

19849 MrRokkomies the Carver (level 13, -22/99 HPs)
             Began as a Human Hunter on Mar 6, 2019.
             Was a High Priest of Okawaru.
             Annihilated by a reaper
             ... wielding a +0 scythe of freezing
              (25 damage)
             ... in an ice cave on Mar 7, 2019.
             The game lasted 01:06:17 (16186 turns).

MrRokkomies the Carver (Human Hunter)              Turns: 16186, Time: 01:06:18

Health: -22/99     AC: 13    Str: 18    XL:     13   Next: 7%
Magic:  0/25       EV: 12    Int: 12    God:    Okawaru [*****.]
Gold:   535        SH:  0    Dex: 17    Spells: 12/12 levels left

rFire    . . .     SeeInvis .   b - +2 scimitar (flame)
rCold    + . .     Gourm    .   (no shield)
rNeg     . . .     Faith    .   Y - +2 ring mail {MR+}
rPois    +         Spirit   +   (no helmet)
rElec    +         Reflect  .   P - +0 cloak
rCorr    .         Harm     .   T - +0 pair of gloves
MR       +....                  M - +0 pair of boots
Stlth    +.........             C - amulet of guardian spirit
HPRegen  0.26/turn              U - ring of Sigapufe {+Fly rC+ MP+9 Dex+4}
MPRegen  0.19/turn              V - ring "Humir" {rElec rPois}

@: hasted, very quick
A: no striking features
a: Heroism, Finesse, Renounce Religion, Evoke Flight


You were in an ice cave.
You worshipped Okawaru.
Okawaru was extremely pleased with you.
You were not hungry.

You visited 3 branches of the dungeon, and saw 14 of its levels.
You also visited: Gauntlet and Ice Cave.

You collected 685 gold pieces.
You spent 150 gold pieces at shops.

Inventory:

Hand Weapons
 a - a +0 arbalest of flaming
 b - a +2 scimitar of flaming (weapon)
 u - a +2 hand crossbow
 F - a +0 blowgun
Missiles
 d - 73 bolts
 H - 5 curare-tipped needles
 N - 45 poisoned needles
Armour
 M - a +0 pair of boots (worn)
 P - a +0 cloak (worn)
 T - a +0 pair of gloves (worn)
 Y - a +2 ring mail of magic resistance (worn)
Jewellery
 i - an uncursed ring of fire
 C - an amulet of guardian spirit (around neck)
 I - an uncursed ring of protection from cold
 R - an uncursed ring of see invisible
 U - the ring of Sigapufe (left hand) {+Fly rC+ MP+9 Dex+4}
   (You found it in a Gauntlet)

   [ring of flight]

   It affects your dexterity (+4).
   It protects you from cold.
   It affects your magic capacity (+9).
   It lets you fly.
 V - the ring "Humir" (right hand) {rElec rPois}
   (You found it in a Gauntlet)

   [ring of poison resistance]

   It insulates you from electricity.
   It protects you from poison.
 Z - an uncursed ring of resist corrosion
Wands
 c - a wand of clouds (6)
 e - a wand of paralysis (18)
 h - a wand of scattershot (3)
 q - a wand of digging (4)
 v - a wand of enslavement (22)
 z - a wand of acid (6)
 J - a wand of disintegration (4)
 K - a wand of polymorph (6)
Scrolls
 r - 8 scrolls of remove curse
 G - a scroll of teleportation
 L - a scroll of enchant armour
 O - 3 scrolls of enchant weapon
 S - a scroll of immolation
Potions
 g - 2 potions of haste
 j - 2 potions of mutation
 k - 2 potions of resistance
 l - 4 potions of might
 m - 2 potions of brilliance
 n - a potion of berserk rage {unknown}
 o - a potion of degeneration {unknown}
 p - 4 potions of curing
 w - a potion of flight {unknown}
 x - 3 potions of agility {unknown}
 D - 3 potions of lignification
 Q - a potion of cancellation {unknown}
Miscellaneous
 s - a fan of gales (inert)
Comestibles
 f - 16 rations


   Skills:
 - Level 8.3 Fighting
 * Level 12.4 Long Blades
 - Level 10.0 Crossbows
 - Level 10.0 Armour
 * Level 2.0 Dodging
 - Level 1.0 Stealth
 - Level 5.1 Evocations


You had 12 spell levels left.
You didn't know any spells.
Your spell library contained the following spells:

 Spells                   Type           Power        Failure   Level  Hunger
 Confusing Touch          Hex            #.....       45%         1    ##.....
 Shroud of Golubria       Chrm/Tloc      #.........   61%         2    ###....
 Swiftness                Chrm/Air       #.......     61%         2    ###....
 Confuse                  Hex            #.......     83%         3    ####...
 Gell's Gravitas          Tloc           #.........   83%         3    ####...
 Spectral Weapon          Hex/Chrm       #.......     83%         3    ####...
 Ice Form                 Ice/Tmut       #.......     99%         4    #####..
 Petrify                  Tmut/Erth      #.......     99%         4    #####..
 Excruciating Wounds      Chrm/Necr      #.........   100%        5    ######.
 Iskenderun's Battlesphe  Conj/Chrm      #.......     100%        5    ######.
 Metabolic Englaciation   Hex/Ice        #.........   100%        5    ######.
 Yara's Violent Unravell  Hex/Tmut       #.........   100%        5    ######.
 Bolt of Cold             Conj/Ice       #.........   100%        6    #######
 Freezing Cloud           Conj/Ice/Air   #.........   100%        6    #######
 Ozocubu's Refrigeration  Ice            #.........   100%        6    #######
 Simulacrum               Ice/Necr       #.........   100%        6    #######


Dungeon Overview and Level Annotations

Branches:
Dungeon (10/15)            Temple (1/1) D:5            Lair (3/6) D:10
  Snake (0/4) Lair:2          Orc (0/2) D:10
  Swamp: Lair:2-4    Shoals: Lair:2-4

Altars:
Ashenzari
Cheibriados
Dithmenos
Elyvilon
Fedhas
Gozag
Hepliaklqana
Kikubaaqudgha
Makhleb
Nemelex Xobeh
Okawaru
Qazlal
Ru
Sif Muna
Trog
Uskayaw
Vehumet
Wu Jian
Xom
Yredelemnul
Zin
The Shining One

Shops:
D:4 =   D:5 (

Annotations:
D:7 1 runed translucent door, MrRokkomies's ghost, novice GnWn
D:9 3 runed translucent doors, Roikka's ghost, novice DrCj
Lair:1 3 runed translucent doors, hemabe's ghost, journeyman HuAr


Message History

Aim: a reaper, wielding a +0 scythe of freezing (freezing vapour, lightly wounded) Attack!
The reaper hits you from afar with a +0 scythe of freezing!!
* * * LOW HITPOINT WARNING * * *
The reaper freezes you.
* * * LOW HITPOINT WARNING * * *
Your reaper is engulfed in freezing vapours.
Your reaper hits the reaper from afar with a +0 scythe of freezing!
Your reaper freezes the reaper.
The reaper is engulfed in freezing vapours.
Evoke which item? (* to show all) (? for menu, Esc to quit)
Okay, then.
Unknown command.
Unknown command.
You feel yourself speed up.
An ice devil comes into view.
Your reaper is engulfed in freezing vapours.
The reaper is engulfed in freezing vapours.
The reaper hits you from afar with a +0 scythe of freezing!!
You die...

§§§§.....##
#..##
☼.4§§○####○.#
##..##
#4○§44§.#☼ .§
##..#
.§4§§○§##§§ §
##...#
§4°.○§# §☼
##...##
.§.§○§ #§
#...## #.4###
#...##
#..§.###
##...#
#.§2.@.#
##...##
...§2§##.##
##.....##
##.§.. ###
#...\...#
###.
#.......# ..
##..\..## #(
##...## ##
#####


You could see a reaper, an ice devil and a friendly reaper.

Vanquished Creatures
  A minotaur (Gauntlet)
  A hydra (Lair:2)
  Harold (D:8)
  Erica (D:8)
  A two-headed ogre (D:10)
  A tengu warrior (D:10)
  Maurice (D:8)
  An apocalypse crab (Gauntlet)
  Joseph (D:7)
  2 ice statues (IceCv)
  7 spiny frogs
  A gargoyle (D:10)
  A rime drake (Lair:1)
  3 komodo dragons
  A tengu conjurer (D:10)
  2 ice devils (IceCv)
  Grinder (D:4)
  4 blink frogs (Lair:1)
  A slime creature (D:6)
  A spriggan (D:10)
  6 yaks (Lair:1)
  A wyvern (Lair:2)
  Eustachio (D:5)
  A basilisk (Lair:1)
  A hungry ghost (D:8)
  2 steam dragons (D:9)
  2 nagas (Lair:2)
  3 water moccasins (Lair:2)
  5 porcupines
  5 orc warriors
  10 ice beasts
  3 sky beasts
  A black bear (D:9)
  An eye of draining (D:9)
  A necrophage (D:9)
  2 ogres
  4 crocodiles
  3 phantoms
  2 centaurs
  10 bullfrogs
  Blork the orc (D:5)
  2 big kobolds
  5 scorpions
  A wyvern skeleton (D:6)
  12 killer bees (D:8)
  3 wights (D:10)
  A howler monkey (D:6)
  An electric eel (D:6)
  3 crimson imps
  A quasit (D:8)
  8 orc priests
  5 jellies (D:6)
  2 hounds (D:5)
  4 iguanas
  8 orc wizards
  7 worker ants
  A hound zombie (D:6)
  A worker ant zombie (D:7)
  6 gnolls
  A howler monkey skeleton (D:8)
  13 adders
  2 river rats (D:6)
  2 shadow imps
  5 white imps (IceCv)
  5 ufetubi (IceCv)
  16 oozes
  2 adder skeletons
  4 worms
  2 dart slugs (D:1)
  4 leopard geckos
  40 orcs
  A ball python (D:2)
  3 giant cockroaches
  5 goblins
  5 hobgoblins
  2 jackals (D:4)
  18 kobolds
  2 quokkas (D:4)
  9 bats
  7 frilled lizards
  A leopard gecko skeleton (D:5)
  3 leopard gecko zombies
  8 rats
329 creatures vanquished.

Vanquished Creatures (others)
  6 white imps (IceCv)
  An ufetubus (IceCv)
  A bush (D:6)
  11 fungi
  A plant (Lair:2)
20 creatures vanquished.

Grand Total: 349 creatures vanquished

Notes
Turn   | Place    | Note
-------+----------+-------------------------------------------
     0 | D:1      | MrRokkomies the Human Hunter began the quest for the Orb.
     0 | D:1      | Reached XP level 1. HP: 16/16 MP: 1/1
    87 | D:1      | Reached XP level 2. HP: 17/23 MP: 2/2
   260 | D:1      | Upgraded the game from 0.24-a0-163-g64c5a76fe2 to
                  | 0.24-a0-167-g029c7ce0ac
   678 | D:1      | Reached XP level 3. HP: 17/28 MP: 3/3
  1148 | D:2      | Found a shattered altar of Ashenzari.
  1149 | D:2      | Found a burning altar of Makhleb.
  1149 | D:2      | Found an ornate altar of the Wu Jian Council.
  1150 | D:2      | Found a glowing golden altar of the Shining One.
  1352 | D:2      | Reached XP level 4. HP: 34/35 MP: 4/4
  1786 | D:3      | Reached skill level 5 in Crossbows
  1786 | D:3      | Reached XP level 5. HP: 29/42 MP: 5/5
  2628 | D:4      | You fall through a shaft for 2 floors!
  2699 | D:6      | Reached skill level 1 in Evocations
  2699 | D:6      | Reached XP level 6. HP: 28/49 MP: 6/6
  2778 | D:6      | Noticed an ogre
  2783 | D:6      | Killed an ogre
  2851 | D:6      | Reached skill level 5 in Fighting
  2851 | D:6      | Reached XP level 7. HP: 42/56 MP: 8/8
  2887 | D:6      | Reached skill level 1 in Armour
  3652 | D:6      | Reached XP level 8. HP: 33/62 MP: 11/11
  4038 | D:6      | Noticed a slime creature
  4045 | D:6      | Killed a slime creature
  4045 | D:6      | Reached skill level 5 in Evocations
  4256 | D:7      | Found a runed translucent door.
  4260 | D:7      | Noticed MrRokkomies's ghost (novice GnWn)
  4789 | D:7      | Reached skill level 5 in Armour
  4904 | D:7      | Noticed Joseph
  4920 | D:7      | Killed Joseph
  4920 | D:7      | Reached XP level 9. HP: 30/68 MP: 4/12
  5402 | D:8      | Noticed Harold
  5422 | D:8      | Killed Harold
  5817 | D:8      | Noticed Maurice
  5831 | D:8      | Killed Maurice
  5831 | D:8      | Reached XP level 10. HP: 78/79 MP: 11/13
  6099 | D:8      | Noticed Erica
  6119 | D:8      | Killed Erica
  6483 | D:8      | Reached skill level 1 in Long Blades
  6794 | D:8      | Reached skill level 2 in Long Blades
  7158 | D:8      | Reached skill level 10 in Crossbows
  7211 | D:8      | Reached skill level 3 in Long Blades
  7639 | D:9      | Reached skill level 4 in Long Blades
  7688 | D:9      | Reached skill level 5 in Long Blades
  7756 | D:9      | Reached XP level 11. HP: 87/87 MP: 10/14
  7910 | D:9      | Reached skill level 6 in Long Blades
  8083 | D:9      | Found a runed translucent gate.
  8083 | D:9      | Found a runed translucent gate.
  8083 | D:9      | Found a runed translucent gate.
  8136 | D:9      | Identified a scroll of acquirement
  8488 | D:9      | Got an ichor-stained leather armour
  8499 | D:9      | Identified the +1 leather armour "Makepho" {rN++} (You
                  | found it on level 9 of the Dungeon)
  8548 | D:9      | Noticed Roikka's ghost (novice DrCj)
  8911 | D:6      | Reached skill level 7 in Long Blades
  9287 | D:5      | Entered Level 5 of the Dungeon
  9362 | D:5      | Noticed Eustachio
  9390 | D:5      | Killed Eustachio
  9431 | D:5      | Found Ossuyb's Antique Weapon Emporium.
  9496 | D:5      | Reached skill level 8 in Long Blades
  9512 | D:5      | Found a staircase to the Ecumenical Temple.
  9512 | D:5      | Noticed Blork the orc
  9518 | D:5      | Killed Blork the orc
  9526 | Temple   | Entered the Ecumenical Temple
  9717 | Temple   | Became a worshipper of Warmaster Okawaru
 10554 | D:4      | Found Lirhodick's Jewellery Shop.
 10557 | D:4      | Bought an uncursed ring of see invisible for 150 gold
                  | pieces
 10561 | D:4      | Noticed Grinder
 10573 | D:4      | Killed Grinder
 11249 | D:10     | Entered Level 10 of the Dungeon
 11261 | D:10     | Found a staircase to the Orcish Mines.
 11309 | D:10     | Noticed a two-headed ogre
 11322 | D:10     | Killed a two-headed ogre
 11322 | D:10     | Reached skill level 9 in Long Blades
 11344 | D:10     | Reached * piety under Okawaru
 11692 | D:10     | Found a staircase to the Lair.
 11768 | D:10     | Found an opulent altar of Gozag.
 11890 | D:10     | Noticed a tengu warrior
 11914 | D:10     | Killed a tengu warrior
 11914 | D:10     | Reached ** piety under Okawaru
 12068 | D:10     | Reached skill level 10 in Long Blades
 12473 | Lair:1   | Entered Level 1 of the Lair of Beasts
 12486 | Lair:1   | Found a runed translucent gate.
 12487 | Lair:1   | Found a runed translucent gate.
 12487 | Lair:1   | Found a runed translucent gate.
 12520 | Lair:1   | Noticed hemabe's ghost (journeyman HuAr)
 12793 | Lair:1   | Reached *** piety under Okawaru
 12793 | Lair:1   | Reached XP level 12. HP: 72/94 MP: 11/15
 13295 | Lair:1   | Reached skill level 11 in Long Blades
 13366 | Lair:1   | Reached **** piety under Okawaru
 13621 | Lair:2   | Found a gate leading to a gauntlet.
 13630 | Gauntlet | Entered a Gauntlet
 13630 | Gauntlet | Found a transporter.
 13630 | Gauntlet | Found a transporter.
 13630 | Gauntlet | Found a runed translucent door.
 13630 | Gauntlet | Found a runed translucent door.
 13632 | Gauntlet | Found a transporter.
 13632 | Gauntlet | Found a transporter.
 13636 | Gauntlet | Found a transporter.
 13636 | Gauntlet | Found a transporter.
 13662 | Gauntlet | Found a transporter.
 13666 | Gauntlet | Found a transporter.
 13674 | Gauntlet | Found a transporter.
 13690 | Gauntlet | Found a transporter.
 13704 | Gauntlet | Found a transporter.
 13708 | Gauntlet | Found a transporter.
 13711 | Gauntlet | Noticed a tengu warrior
 13861 | Gauntlet | Noticed a catoblepas
 13917 | Gauntlet | Got a glittering lead ring
 13920 | Gauntlet | Got a twitching pewter ring
 14023 | Gauntlet | Noticed a minotaur
 14039 | Gauntlet | Killed a minotaur
 14107 | Gauntlet | Identified the Tome of Aid
 14131 | Lair:2   | Identified the ring of Sigapufe {+Fly rC+ MP+9 Dex+4} (You
                  | found it in a Gauntlet)
 14133 | Lair:2   | Identified the ring "Humir" {rElec rPois} (You found it in
                  | a Gauntlet)
 14414 | Lair:2   | Noticed a four-headed hydra
 14422 | Lair:2   | Killed a one-headed hydra
 14525 | Lair:2   | Received a gift from Okawaru
 14669 | Lair:2   | Found a staircase to the Snake Pit.
 14722 | Lair:2   | Got a vibrating pewter ring
 14724 | Lair:2   | Identified the ring "Ilef" {Fire *Corrode Int-4 Dex+8 SInv}
                  | (You found it on level 2 of the Lair of Beasts)
 15031 | Lair:2   | Reached ***** piety under Okawaru
 15031 | Lair:2   | Reached skill level 12 in Long Blades
 15183 | Lair:3   | Found a frozen archway.
 15230 | Lair:3   | Received a gift from Okawaru
 15244 | Lair:3   | Noticed an eight-headed hydra
 15250 | IceCv    | Entered an ice cave
 15457 | IceCv    | Reached XP level 13. HP: 64/99 MP: 16/16
 15913 | IceCv    | Reached skill level 10 in Armour
 16101 | IceCv    | Found the +2 pair of boots of the Assassin {Detection Stab+
                  | Stlth++}
 16181 | IceCv    | Noticed a reaper
 16184 | IceCv    | HP: 2/99 [reaper/+0 scythe of freezing (4)]
 16186 | IceCv    | Annihilated by a reaper

Levels and vault maps discovered:
D:1:      saegor_arrival_simple_b, layout_basic
D:2:      layout_rooms, chequers_temple_overflow_statue_of_worship,
          first_ration, kennysheep_path_1, minmay_misc_feat_tower,
          minmay_misc_feat_encased, minmay_crystal_room
D:3:      layout_basic, minmay_misc_feat_enclosed
D:4:      layout_basic, serial_shops, nicolae_shop_behind_doors,
          minmay_bisected, uniq_grinder
D:5:      layout_basic, minmay_temple_entry_mini_moons, serial_shops,
          shop_statue, uniq_blork_the_orc, uniq_eustachio
D:6:      lemuel_slime, layout_basic, lightli_sewer_entry_pipes,
          minmay_hedge_maze, water_boxes_lemuel
D:7:      layout_basic, hellmonk_ghost_happy_afterlife, uniq_joseph
D:8:      layout_basic, uniq_erica, uniq_maurice, uniq_harold
D:9:      kennysheep_steamy, layout_cave_pools, gammafunk_ghost_icy
D:10:     layout_roguey, lair_entry_dummy, orc_0_dummy, basic_altar,
          grunt_pizzeria
Temple:   regret_index_temple_mists
Lair:1:   layout_regular_city, gammafunk_ghost_icy
Lair:2:   layout_gridlike, guppyfry_snake_entry_garden, gauntlet_entry_generic,
          grunt_megastairs_4, serial_bayou_shore_b, lemuel_fruit_fields
Lair:3:   layout_loops_ring, swamp_mist, portal_ice_cave_entry_ice_beasts,
          kennysheep_abandoned_house
IceCv:    ice_cave_small_demon
Gauntlet: minmay_gauntlet_77_indecision [minmay_gauntlet_arena_77_cramped,
          minmay_gauntlet_arena_77_braids, minmay_gauntlet_arena_77_checkered,
          minmay_gauntlet_arena_77_hold_the_fort, minmay_gauntlet_arena_77_box,
          minmay_gauntlet_arena_77_broken_ladder,
          nicolae_gauntlet_exit_dead_adventurers]

Skill      XL: |  1  2  3  4  5  6  7  8  9 10 11 12 13 |
---------------+----------------------------------------+-----
Fighting       | 3 4 5 7 8 |  8.3
Crossbows      | 5 6 8 10 | 10.0
Evocations     | 1 2 4 5 |  5.1
Armour         | 3 5 6 9 10 | 10.0
Long Blades    | 5 10 12 | 12.4
Dodging        | |  2.0
Stealth        | |  1.0

Action                   |  1- 3 |  4- 6 |  7- 9 | 10-12 | 13-15 || total
-------------------------+-------+-------+-------+-------+-------++-------
Melee: Short sword       |    82 |       |    33 |    76 |       ||   191
       Mace              |    18 |    96 |   126 |       |       ||   240
       Scimitar          |       |       |       |   616 |    56 ||   672
 Fire: Hand crossbow     |       |    42 |    97 |    57 |       ||   196
       Blowgun           |       |       |       |    18 |       ||    18
       Arbalest          |       |       |       |    44 |       ||    44
Throw: Throwing net      |       |       |       |     1 |       ||     1
Invok: Heroism           |       |       |       |     1 |     1 ||     2
Evoke: Wand              |       |     1 |    13 |     8 |     1 ||    23
       Fan of gales      |       |       |       |       |     1 ||     1
       Phantom mirror    |       |       |       |       |     1 ||     1
  Use: Scroll            |     3 |     5 |       |    17 |     1 ||    26
       Potion            |       |       |     3 |     1 |     2 ||     6
 Stab: Held in net/web   |       |       |       |     2 |       ||     2
  Eat: Chunk             |     1 |     3 |     2 |    24 |       ||    30
       Ration            |       |     1 |     2 |     3 |     1 ||     7
Armor: Leather armour    |    18 |       |       |       |       ||    18
       Ring mail         |    11 |       |       |    40 |    22 ||    73
       Chain mail        |       |    90 |   158 |   123 |       ||   371
       Plate armour      |       |       |       |   335 |       ||   335
Dodge: Dodged            |    63 |    50 |   108 |   274 |    21 ||   516
       Rpst.: Scimitar   |       |       |       |    56 |     3 ||    59

Table legend:
 A = Non-vault XP
 B = Vault XP
 C = Vault XP percentage of total XP
 D = Non-vault monster count
 E = Vault monster count
 F = Vault count percentage of total count
                 A         B        C        D         E       F
            +---------+---------+-------+---------+---------+-------
      Total |   19103 |    9254 |  32.6 |     264 |      65 |  19.8
            +---------+---------+-------+---------+---------+-------
        D:1 |      38 |       0 |   0.0 |      18 |       0 |   0.0
        D:2 |      49 |       0 |   0.0 |      18 |       0 |   0.0
        D:3 |     154 |       0 |   0.0 |      24 |       0 |   0.0
        D:4 |      80 |     298 |  78.8 |      17 |       4 |  19.0
        D:5 |     708 |     279 |  28.3 |      21 |       2 |   8.7
        D:6 |    1016 |     595 |  36.9 |      23 |      26 |  53.1
        D:7 |     435 |     445 |  50.6 |      14 |       1 |   6.7
        D:8 |    2490 |    2326 |  48.3 |      49 |       3 |   5.8
        D:9 |    1403 |     359 |  20.4 |      22 |       2 |   8.3
       D:10 |    3298 |     220 |   6.3 |      22 |       1 |   4.3
     Lair:1 |    4669 |       0 |   0.0 |      20 |       0 |   0.0
     Lair:2 |    4304 |     335 |   7.2 |      14 |       2 |  12.5
     Lair:3 |     459 |    1036 |  69.3 |       2 |       8 |  80.0
      IceCv |       0 |    1636 | 100.0 |       0 |      14 | 100.0
   Gauntlet |       0 |    1725 | 100.0 |       0 |       2 | 100.0
            +---------+---------+-------+---------+---------+-------
